 Dungeon Crawl Stone Soup version 0.17-a0-1987-gaf5a542 (webtiles) character file.

5130 tp1 the Protected (level 10, -5/84 HPs)
             Began as a Gargoyle Berserker on Oct 6, 2015.
             Was a High Priest of Trog.
             Slain by Alipheese's ghost (12 damage)
             ... in a bailey.
             The game lasted 00:51:45 (6282 turns).

tp1 the Protected (Gargoyle Berserker)              Turns: 6282, Time: 00:51:45

Health: -5/84      AC: 21    Str: 29    XL:     10   Next: 58%
Magic:  10/10      EV: 14    Int:  8    God:    Trog [*****.]
Gold:   524        SH:  0    Dex:  9    Spells: 0 memorised, 9 levels left

rFire  . . .     SeeInvis .     I - +1 battleaxe
rCold  . . .     Clarity  +     N - +0 plate armour
rNeg   + + .     SustAt   .     (no shield)
rPois  ∞         Gourm    .     (no helmet)
rElec  +         Spirit   .     (no cloak)
rCorr  .         Warding  .     (no gloves)
rMut   .         Stasis   .     (no boots)
MR     ++...                    B - amulet of clarity
Stlth  ..........               A - ring of positive energy
                                d - +6 ring of evasion

@: berserking (expiring), regenerating, very quick, very resistant to hostile
enchantments, extremely unstealthy
A: negative energy resistance 1, electricity resistance, unbreathing,
petrification resistance, rot immunity, AC +7
a: Burn Spellbooks, Berserk, Trog's Hand, Brothers in Arms, Renounce Religion


You were in a bailey.
You worshipped Trog.
Trog was extremely pleased with you.
You were very hungry.

You visited 1 branch of the dungeon, and saw 8 of its levels.
You also visited: Bailey.

You collected 524 gold pieces.

Inventory:

Hand Weapons
 a - a +0 hand axe
 m - a +0 flail
 w - a +1 whip of electrocution
 x - a +0 hand axe
 H - a +0 flail of holy wrath
 I - a +1 battleaxe (weapon)
 O - a +0 morningstar
 U - a +0 glaive
 Z - a +0 trident
Armour
 b - a +0 animal skin
 f - a +0 ring mail
 s - a +0 scale mail
 u - a +0 chain mail
 D - a +0 chain mail
 J - a +0 plate armour
 N - a +0 plate armour (worn)
Jewellery
 d - a +6 ring of evasion (left hand)
 e - an uncursed ring of poison resistance
 A - a ring of positive energy (right hand)
 B - an amulet of clarity (around neck)
 C - an uncursed amulet of resist corrosion {unknown}
 K - a +3 ring of intelligence {unknown}
 L - an uncursed amulet of resist mutation {unknown}
 M - an uncursed amulet of resist corrosion {unknown}
Wands
 X - a wand of draining (2)
 Y - a wand of polymorph (10)
Scrolls
 k - 2 scrolls of enchant weapon
 l - 5 scrolls of identify
 n - 2 scrolls of fog
 o - a scroll of recharging
 q - 6 scrolls of remove curse
 r - 2 scrolls of noise {unknown}
 t - 4 scrolls of immolation {unknown}
 y - a scroll of blinking {unknown}
 P - 2 scrolls of random uselessness {unknown}
 S - a scroll of magic mapping {unknown}
 T - a scroll of vulnerability {unknown}
Potions
 h - 3 potions of invisibility {unknown}
 i - 2 potions of curing {unknown}
 j - 2 potions of lignification {unknown}
 p - 3 potions of might {unknown}
 v - a potion of heal wounds {unknown}
 z - 2 potions of haste {unknown}
 F - 2 potions of agility {unknown}
 V - a potion of beneficial mutation {unknown}
 W - a potion of cancellation {unknown}
Books
 R - a book of Dreams

   Spells                             Type                      Level
   a - Ensorcelled Hibernation        Hexes/Ice                    2
   b - Phase Shift                    Translocation                5
   c - Shadow Creatures               Summoning                    5
   d - Silence                        Hexes/Air                    5
   e - Darkness                       Hexes                        6
   f - Mass Confusion                 Hexes                        6
   Trog disapproves of the use of such an item.
Comestibles
 c - 5 bread rations
 g - a meat ration
 E - 2 slices of pizza
 G - a royal jelly
 Q - a beef jerky


   Skills:
 - Level 3.8 Fighting
 + Level 7.0(8.8) Axes
 + Level 9.1(10.3) Maces & Flails
 - Level 10.9 Armour
 - Level 2.0 Dodging


You had 9 spell levels left.
You didn't know any spells.

Dungeon Overview and Level Annotations

Branches:
Dungeon (8/15)             Temple (0/1) D:5
   Lair: D:8-11

Altars:
Ashenzari
Dithmenos
Fedhas
Gozag
Makhleb
Qazlal
Vehumet
The Shining One

Shops:
D:6 *

Annotations:
Bailey Alipheese's ghost, novice NaGl


Innate Abilities, Weirdness & Mutations

You are resistant to torment.
Your stone body is resilient (AC +7).
You are immune to poison.
You resist negative energy.
You are resistant to electric shocks.
You can survive without breathing.
You are immune to petrification.
You are immune to rotting.


Message History

Your ogre hits Alipheese's ghost with a giant club!!
Use which ability?
A red film seems to cover your vision as you go berserk!
You feel yourself moving faster!
You feel mighty!
You are feeling very hungry.
Alipheese's ghost hits you!
* * * LOW HITPOINT WARNING * * *
Your ogre closely misses Alipheese's ghost.
You feel a strong urge to attack something.
Your ogre hits Alipheese's ghost with a giant club!
Your ogre barely misses Alipheese's ghost.
Alipheese's ghost hits your ogre!!
Things that are here:
a trident; a ring mail; an orc corpse You feel your anger subside.
You slash Alipheese's ghost!
Alipheese's ghost is almost destroyed.
Your ogre completely misses Alipheese's ghost.
Alipheese's ghost hits you!
You die...

####### #####
########.....## ##..))
#.....#...))..######..)))
'.!!!.'O..))))#....#...))
'.!!!.'W@)))..'....'...))
'.!!!.'....[..#....#.....
#.....#.......######.....
########.....## ##....
####### #####


You could see Alipheese's ghost and a friendly ogre (berserk).

Vanquished Creatures
  Psyche (D:8)
  Eustachio (D:4)
  4 yaks (D:6)
  A vampire mosquito (D:7)
  Menkaure (D:4)
  Duvessa (D:6)
  Purgy (D:3)
  2 ogres
  2 sky beasts (D:6)
  4 ice beasts
  6 orc warriors
  A phantom (D:5)
  A centaur (D:8)
  Blork the orc (D:6)
  A big kobold (D:8)
  3 giant frogs (D:8)
  Dowan (D:6)
  A wyvern skeleton (D:8)
  5 scorpions
  3 wights (D:7)
  A centaur zombie (D:5)
  2 electric eels (D:8)
  3 crimson imps
  2 giant frog zombies
  A quasit (D:6)
  3 orc priests (D:6)
  7 orc wizards
  3 jellies
  3 hounds
  2 iguanas
  3 centaur skeletons
  6 worker ants
  A killer bee zombie (D:8)
  3 hound skeletons
  A worker ant zombie (D:5)
  11 adders
  3 shadow imps
  An ooze (D:5)
  A worm (D:2)
  7 giant geckos
  47 orcs
  6 giant cockroaches
  8 goblins
  8 hobgoblins
  20 jackals
  16 kobolds
  2 quokkas
  4 ball pythons
  7 bats
  2 giant gecko skeletons (D:4)
  A giant gecko zombie (D:6)
  3 giant newts
  A goblin skeleton (D:6)
  A goblin zombie (D:6)
  3 hobgoblin zombies (D:6)
  A jackal skeleton (D:6)
  A kobold skeleton (D:6)
  A kobold zombie (D:6)
  3 orc skeletons (D:6)
  An orc zombie (D:6)
  11 rats
252 creatures vanquished.

Notes
Turn   | Place    | Note
--------------------------------------------------------------
     0 | D:1      | tp1 the Gargoyle Berserker began the quest for the Orb.
     0 | D:1      | Reached XP level 1. HP: 14/14 MP: 1/1
    38 | D:1      | Reached XP level 2. HP: 10/19 MP: 2/2
   356 | D:1      | Acquired Trog's second power
   356 | D:1      | Reached XP level 3. HP: 24/24 MP: 3/3
   888 | D:2      | Found a blossoming altar of Fedhas.
   972 | D:2      | Found a stormy altar of Qazlal.
  1045 | D:2      | Reached XP level 4. HP: 27/29 MP: 4/4
  1152 | D:2      | Found a burning altar of Makhleb.
  1156 | D:2      | Found a radiant altar of Vehumet.
  1460 | D:3      | Reached skill level 1 in Maces & Flails
  1725 | D:3      | Noticed Purgy
  1739 | D:3      | Killed Purgy
  1739 | D:3      | Reached skill level 4 in Armour
  1739 | D:3      | Reached XP level 5. HP: 33/33 MP: 5/5
  2025 | D:3      | Reached XP level 6. HP: 38/38 MP: 6/6
  2345 | D:4      | Reached skill level 5 in Armour
  2403 | D:4      | Noticed Menkaure
  2416 | D:4      | Killed Menkaure
  2416 | D:4      | Reached XP level 7. HP: 22/42 MP: 7/7
  2496 | D:4      | Noticed Eustachio
  2543 | D:4      | Killed Eustachio
  2543 | D:4      | Reached skill level 5 in Maces & Flails
  2543 | D:4      | Reached skill level 6 in Armour
  2721 | D:5      | Entered Level 5 of the Dungeon
  2722 | D:5      | Found a staircase to the Ecumenical Temple.
  2860 | D:5      | Found a blossoming altar of Fedhas.
  3103 | D:5      | Found a shadowy altar of Dithmenos.
  3257 | D:5      | Reached XP level 8. HP: 48/48 MP: 8/8
  3328 | D:5      | Reached skill level 7 in Armour
  3485 | D:6      | Acquired Trog's third power
  3536 | D:6      | Reached skill level 8 in Armour
  3657 | D:6      | Reached skill level 9 in Armour
  3657 | D:6      | Reached XP level 9. HP: 34/52 MP: 9/9
  4085 | D:6      | Noticed Duvessa
  4089 | D:6      | Noticed Dowan
  4092 | D:6      | Killed Duvessa
  4092 | D:6      | Reached skill level 10 in Armour
  4106 | D:6      | Killed Dowan
  4163 | D:6      | Found Ossa's General Store.
  4225 | D:6      | Found a glowing golden altar of the Shining One.
  4321 | D:6      | Noticed Blork the orc
  4329 | D:6      | Killed Blork the orc
  4625 | D:6      | Found an opulent altar of Gozag.
  5307 | D:7      | Reached XP level 10. HP: 31/56 MP: 10/10
  5678 | D:8      | Found a shattered altar of Ashenzari.
  5751 | D:8      | Reached skill level 5 in Axes
  5871 | D:8      | Noticed Psyche
  5882 | D:8      | Killed Psyche
  5908 | D:8      | Found a flagged portal.
  6140 | Bailey   | Entered a bailey
  6267 | Bailey   | Noticed Alipheese's ghost (novice NaGl)
  6278 | Bailey   | HP: 4/84 [Alipheese's ghost (7)]
  6282 | Bailey   | Slain by Alipheese's ghost

Vault maps used:
D:1:      dpeg_arrival_lava_temple_mockup
D:2:      lemuel_coloured_pillars_altar, minitemple, lemuel_crystal_altar,
          kennysheep_generic_room_2
D:3:      uniq_purgy
D:4:      nicolae_ru_path_of_blood, kennysheep_mini, first_bread, st_stairs_6,
          fountainhead, uniq_eustachio, uniq_menkaure
D:5:      nicolae_dithmenos_the_darkroom, minmay_temple_entry_glass,
          fedhas_altar_1
D:6:      nicolae_overflow_hidden_temple, nicolae_tso_besieged_by_evil,
          serial_shops, shop, nicolae_benzene_ring, uniq_blork_the_orc,
          uniq_duvessa
D:7:      minmay_opposing_rooms
D:8:      lair_0_dummy, serial_shops, shop_statue, enter_bailey_2, basic_altar,
          serial_bayou_lagoon_a, uniq_psyche
Bailey:   bailey_polearm_5, bailey

Action                   |  1- 3 |  4- 6 |  7- 9 | 10-12 || total
-------------------------+-------+-------+-------+-------++-------
Melee: Hand axe          |    92 |   140 |   143 |       ||   375
       Flail             |    32 |   130 |    52 |       ||   214
       Whip              |       |       |    99 |       ||    99
       Battleaxe         |       |       |   168 |   130 ||   298
       Glaive            |       |       |       |     1 ||     1
Invok: Berserk           |       |     3 |     4 |     6 ||    13
       Trog's Hand       |       |     3 |     1 |     1 ||     5
       Brothers in Arms  |       |       |       |     1 ||     1
  Use: Scroll            |       |       |     3 |     1 ||     4
  Eat: Chunk             |       |     8 |    16 |     8 ||    32
